 Dungeon Crawl Stone Soup version 0.28.0-49-g6dfe1f597d (webtiles) character file.

Game seed: 11988415712121481170

79 101zpm the Magician (level 4, -1/31 HPs)
             Began as a Djinni Fire Elementalist on May 11, 2022.
             Slain by a ball python (3 damage)
             ... summoned by a gnoll
             ... on level 3 of the Dungeon.
             The game lasted 00:01:48 (1082 turns).

101zpm the Magician (Djinni Fire Elementalist)      Turns: 1082, Time: 00:01:48

Health: -1/31      AC:  2    Str:  7    XL:     4   Next: 62%
Gold:   43         EV: 12    Int: 19    God:
                   SH:  0    Dex: 13

rFire   + + .      SeeInvis .   (no weapon)
rCold   x . .      Faith    .   (no shield)
rNeg    . . .      Spirit   .   a - +0 robe
rPois   ∞          Reflect  .   (no helmet)
rElec   .          Harm     .   (no cloak)
rCorr   .          Rampage  .   (no gloves)
Will    .....                   (boots unavailable)
Stlth   ++........              (no amulet)
HPRegen 0.10/turn               (no ring)
MPRegen 0.00/turn               (no ring)

@: flying
A: sickness immunity, fire resistance 2, cold vulnerability 1, float, innate
caster, HP casting, extra vitality 1
a: no special abilities


You were on level 3 of the Dungeon.
You visited 1 branch of the dungeon, and saw 3 of its levels.

You collected 43 gold pieces.

Inventory:

Armour
 a - a +0 robe (worn)
Potions
 b - a potion of attraction {unknown}


   Skills:
 + Level 2.5 Dodging
 + Level 1.8 Stealth
 + Level 3.7 Spellcasting


You couldn't memorise any spells.
You knew the following spells:

 Your Spells              Type           Power      Damage    Failure   Level
a - Foxfire               Conj/Fire      68%        2x1d7     3%          1
b - Scorch                Fire           34%        2d7       4%          2
c - Conjure Flame         Conj/Fire      17%        6-21      10%         3
d - Inner Flame           Hex/Fire       17%        N/A       10%         3
e - Flame Wave            Conj/Fire      17%        2d6       30%         4
f - Pain                  Necr           68%        1d7       3%          1
Your spell library was empty.

Dungeon Overview and Level Annotations

Branches:
Dungeon (3/15)

Altars:


Innate Abilities, Weirdness & Mutations

You are immune to sickness and miasma.
You are immune to poison.
Your flesh is very heat resistant. (rF++)
You are vulnerable to cold. (rC-)
You float through the air rather than walking.
You learn spells naturally, not from books.
Your magical power is your life essence.
You have superior vitality. (+4 MHP)


Message History

Casting: Scorch (safe; 4% risk of failure)
Confirm with . or Enter, or press ? or * to list all spells.
Flames lash the gnoll.
The gnoll is burned terribly!
You kill the gnoll!
* * * LOW HITPOINT WARNING * * *
A gnoll comes into view. It is wielding a +0 club.
Casting: Foxfire (safe; 3% risk of failure)
Press: ? - help, Q - select action, (/) - cycle Dir - look around, f - activate You conjure some foxfire!
* * * LOW HITPOINT WARNING * * *
Casting: Foxfire (safe; 3% risk of failure)
Press: ? - help, Q - select action, (/) - cycle Dir - look around, f - activate You conjure some foxfire!
* * * LOW HITPOINT WARNING * * *
Things that are here:
a +0 whip; a gnoll corpse Your foxfire dissipates!
Your foxfire dissipates! x3
A gnoll is nearby!
Casting: Foxfire (safe; 3% risk of failure)
Press: ? - help, Q - select action, (/) - cycle Dir - look around, f - activate You conjure some foxfire!
* * * LOW HITPOINT WARNING * * *
Casting: Foxfire (safe; 3% risk of failure)
Confirm with . or Enter, or press ? or * to list all spells.
Flames lash the gnoll.
The gnoll is severely wounded.
The gnoll's fire resistance burns away.
* * * LOW HITPOINT WARNING * * *
The foxfire hits the gnoll but does no damage.
The gnoll is severely wounded.
The gnoll reads a scroll.
Wisps of shadow swirl around the gnoll.
The foxfire hits the ball python.
The ball python is heavily wounded.
The ball python misses you. The ball python grabs you.
The ball python constricts you.
You escape the ball python's grasp.
The gnoll is no longer more vulnerable to fire.
The ball python bites you.
You die...

######.#
#@.....#
##S##### #.#
#g# #r# #.#
######
#S####....#
#...grS...#
#######....#


You could see a gnoll, an adder (summoned), a quokka (summoned) and a ball
python (summoned).

Vanquished Creatures
  A gnoll shaman (D:3)
  2 gnolls (D:3)
  2 adders (D:3)
  A worm (D:2)
  4 bats (D:3)
  3 hobgoblins (D:2)
  A kobold (D:3)
  2 rats
16 creatures vanquished.

Vanquished Creatures (others)
  77 foxfires
77 creatures vanquished.

Grand Total: 93 creatures vanquished

Notes
Turn   | Place    | Note
-------+----------+-------------------------------------------
     0 | D:1      | 101zpm the Djinni Fire Elementalist began the quest for the
                  | Orb.
     0 | D:1      | Reached XP level 1. HP: 15/15 MP: 0/0
   131 | D:1      | Found a faded altar of an unknown god.
   427 | D:2      | Reached XP level 2. HP: 15/21 MP: 0/0
   725 | D:3      | Reached skill level 3 in Spellcasting
   725 | D:3      | Reached XP level 3. HP: 21/25 MP: 0/0
   725 | D:3      | Learned a level 1 spell: Pain
  1052 | D:3      | Reached XP level 4. HP: 17/31 MP: 0/0
  1082 | D:3      | Slain by a ball python

Illustrated notes

Levels and vault maps discovered:
D:1:      minmay_arrival_three_doors, layout_basic,
          chequers_ecumenical_altar_island
D:2:      wad_crossroads, layout_loops_ring, uniq_robin, uniq_sigmund
D:3:      layout_basic, portal_sewer_entry_c, uniq_ijyb, uniq_terence

Skill      XL: |  1  2 |
---------------+-------+-----
Spellcasting   | 3 |  3.7
Dodging        | |  2.5
Stealth        | |  1.8

Action                   |  1- 3 |  4- 6 || total
-------------------------+-------+-------++-------
 Cast: Foxfire           |    50 |     6 ||    56
       Scorch            |     4 |     6 ||    10
Dodge: Dodged            |       |     1 ||     1
